 Dungeon Crawl Stone Soup version 0.31.0-32-g396128a36d (webtiles) character file.

Game seed: 7722081626606835796

9027 Amymone the Slasher (level 11, -21/77 HPs)
             Began as a Human Alchemist on Mar 16, 2024.
             Was an Elder of Lugonu.
             Killed from afar by a will-o-the-wisp (31 damage)
             ... with a foxfire
             ... on level 2 of the Lair of Beasts.
             The game lasted 00:47:20 (11081 turns).

Amymone the Slasher (Human Alchemist)              Turns: 11081, Time: 00:47:21

Health: -21/77     AC:  4    Str: 11    XL:     11   Next: 40%
Magic:  0/17       EV: 14    Int: 15    God:    Lugonu [****..]
Gold:   147        SH:  0    Dex: 18    Spells: 2/19 levels left

rFire   . . .        p - +7 Throatcutter {drain, coup de grace}
rCold   . . .        (no shield)
rNeg    . . .        D - +2 robe "Adexoretoo" {Harm rPois Int-2}
rPois   +            (no helmet)
rElec   .            (no cloak)
rCorr   +            (no gloves)
SInv    .            (no boots)
Will    .....        h - amulet of guardian spirit
Stlth   +++          k - +6 ring of dexterity
HPRegen 0.32/turn    s - ring of resist corrosion
MPRegen 0.15/turn

%: harm (+30% outgoing, +20% incoming), guardian spirit
@: no status effects
A: explore regen, clumsy 1, poison resistance, MP-powered wands
a: Renounce Religion, Depart the Abyss, Banish, Corrupt


You were on level 2 of the Lair of Beasts.
You worshipped Lugonu.
Lugonu was greatly pleased with you.
You visited 2 branches of the dungeon, and saw 10 of its levels.

You collected 1133 gold pieces.
You spent 986 gold pieces at shops.

Inventory:

Hand Weapons
 d - a +3 quarterstaff of protection
 p - the +7 Throatcutter (weapon) {drain, coup de grace}
   (You found it on level 4 of the Dungeon)
Missiles
 j - 3 datura-tipped darts (quivered)
 l - 6 silver javelins
Armour
 a - a +2 robe
 n - a +2 robe
 y - an orb of energy
 z - a +1 robe of willpower
 A - a +0 troll leather armour
 D - the +2 robe "Adexoretoo" (worn) {Harm rPois Int-2}
   (You bought it in a shop on level 8 of the Dungeon)

   Int-2:     It affects your intelligence (-2).
   rPois:     It protects you from poison Harm: It increases damage dealt and
   taken.
Jewellery
 g - a ring of flight
 h - an amulet of guardian spirit (around neck)
 k - a +6 ring of dexterity (left hand)
 r - a +4 ring of protection
 s - a ring of resist corrosion (right hand)
 w - a +6 ring of intelligence
Talismans
 e - a flux talisman
Wands
 b - a wand of light (1)
 m - a wand of flame (36)
 G - a wand of iceblast (3)
Scrolls
 f - 2 scrolls of immolation
 i - 4 scrolls of fog
 o - 4 scrolls of identify
 u - a scroll of silence
 B - a scroll of poison
 C - a scroll of revelation
 E - a scroll of enchant weapon
 F - a scroll of teleportation
Potions
 c - a potion of invisibility
 q - 2 potions of lignification
 t - 2 potions of attraction
 v - a potion of mutation
 x - a potion of resistance


   Skills:
 * Level 4.3 Fighting
 * Level 6.2 Long Blades
 - Level 1.8(1.9) Axes
 - Level 0.3(1.2) Polearms
 - Level 0.3(0.5) Staves
 * Level 4.2 Throwing
 * Level 4.2 Armour
 * Level 4.8 Dodging
 * Level 4.9 Stealth
 * Level 4.5 Spellcasting
 * Level 4.4 Conjurations
 * Level 1.1 Summonings
 * Level 4.1 Translocations
 * Level 4.0 Air Magic
 * Level 5.7 Alchemy
 * Level 4.6 Invocations
 * Level 3.9 Evocations
 * Level 3.7 Shapeshifting


You had 2 spell levels left.
You knew the following spells:

 Your Spells              Type           Power      Damage    Failure   Level
a - Sting                 Conj/Alch      72%        1d7       2%          1
b - Mercury Vapours       Alch/Air       36%        N/A       3%          2
c - Blink                 Tloc           30%        N/A       4%          2
d - Mephitic Cloud        Conj/Alch/Air  17%        N/A       8%          3
e - Olgreb's Toxic Radia  Alch           20%        N/A       16%         4
f - Summon Forest         Summ/Tloc      5%         N/A       85%         5

Your spell library contained the following spells:

 Spells                   Type           Power      Damage    Failure   Level
 Lesser Beckoning         Tloc           30%        N/A       4%          2
 Momentum Strike          Conj/Tloc      32%        3d8       4%          2
 Ozocubu's Armour         Ice            3%         N/A       45%         3
 Sticky Flame             Fire/Alch      12%        2d5       45%         4
 Summon Lightning Spire   Summ/Air       11%        N/A       52%         4
 Animate Armour           Summ/Erth      10%        N/A       80%         4
 Eringya's Noxious Bog    Alch           10%        4d6       94%         6
 Lee's Rapid Deconstruct  Erth           1%         3d4*      99%         5
 Metabolic Englaciation   Hex/Ice        1%         N/A       99%         5
 Sculpt Simulacrum        Ice/Alch       6%         N/A       100%        6
 Summon Hydra             Summ           3%         N/A       100%        7


Dungeon Overview and Level Annotations

Branches:
Dungeon (8/15)             Temple (0/1) D:5            Lair (2/5) D:8
  Swamp (0/4) Lair:2
  Snake: Lair:2-3    Spider: Lair:2-3

Altars:
Cheibriados
Hepliaklqana
Qazlal
Trog
Vehumet
Wu Jian
Zin
Lugonu

Shops:
D:2 *   D:7 (   D:8 [?*[*

Annotations:
D:3 exclusion: statue
D:7 2 transporters, Lhightning's ghost, novice DESu


Innate Abilities, Weirdness & Mutations

You regain HP and MP as you explore.
You are clumsy. (Dex -2)
Your system is resistant to poisons. (rPois)
You expend magic power (3 MP) to strengthen your wands.


Message History

The floor.
The foxfire hits you! The foxfire hits you!!
Press: ? - help, Shift-Dir - straight line, f - will-o-the-wisp
Aim: a will-o-the-wisp (infinite will)
The will-o-the-wisp is unaffected.
A cane toad comes into view.
The will-o-the-wisp gestures.
The will-o-the-wisp conjures some marshlight! 2 foxfires come into view.
Aiming: Iceblast
Press: ? - help, Shift-Dir - straight line, f/p - will-o-the-wisp
Aim: a will-o-the-wisp You feel a surge of power!
The mass of ice explodes!
The iceblast engulfs the will-o-the-wisp!!
The will-o-the-wisp partially resists.
The will-o-the-wisp is severely damaged.
The iceblast engulfs the foxfire!!
The foxfire is moderately damaged.
The iceblast engulfs the foxfire!!
The foxfire is moderately damaged.
The wyvern hisses angrily.
The cane toad croaks.
The foxfire hits you!! The foxfire hits you!
* * * LOW HITPOINT WARNING * * *
The will-o-the-wisp gestures.
The will-o-the-wisp conjures some marshlight! 2 foxfires come into view.
Unknown command.
Aiming: Iceblast
Press: ? - help, Shift-Dir - straight line, f/p - will-o-the-wisp
Aim: a will-o-the-wisp (severely damaged)
The mass of ice explodes!
The iceblast engulfs the will-o-the-wisp!
The will-o-the-wisp partially resists.
The will-o-the-wisp is almost destroyed.
The iceblast engulfs the foxfire!
The foxfire is lightly damaged.
The iceblast engulfs the foxfire!!
The foxfire is moderately damaged.
The foxfire hits you!!
You die...

......#................#
.....#.................#
.#.#####..............##
### ##.............#
#...P.........##
#...##.........#
P...#..........#
#.............##
#.......@.....#
....##..v.....## ##.
#.kv§.....# #
#..§v§....# #.§§§§.§.##
#..§F§..§.# ##.§§§§...P#
#.§§>§.§..# P.§§§§§§.##


You could see a will-o-the-wisp, a cane toad and a wyvern.

Vanquished Creatures
  2 black mambas (Lair:1)
  4 cane toads (Lair:1)
  A komodo dragon (Lair:1)
  A troll (D:8)
  5 blink frogs (Lair:1)
  Prince Ribbit (D:6)
  A wyvern (Lair:1)
  7 yaks (Lair:1)
  Eustachio (D:6)
  A steam dragon (D:8)
  2 water moccasins
  An orc warrior (D:7)
  A sky beast (D:7)
  2 black bears (D:5)
  3 wolves (D:8)
  6 centaurs
  4 phantoms
  6 bullfrogs (Lair:1)
  A scorpion (D:3)
  7 wights
  4 howler monkeys
  4 electric eels (D:8)
  A bombardier beetle (D:5)
  5 hounds
  Crazy Yiuf (D:3)
  A jelly (D:8)
  A gnoll bouda (D:8)
  3 orc priests
  2 sleepcaps
  An iguana (D:5)
  Jessica (D:3)
  8 orc wizards
  Terence (D:3)
  A hound zombie (D:3)
  7 gnolls
  7 adders
  4 white imps
  2 ufetubi (D:5)
  An adder zombie (D:3)
  An adder skeleton (D:3)
  A dart slug (D:2)
  5 ribbon worms
  21 orcs
  6 endoplasms
  A giant cockroach (D:3)
  7 goblins
  3 hobgoblins
  3 jackals (D:1)
  3 quokkas
  5 ball pythons
  5 bats
  2 frilled lizards (D:1)
  9 kobolds
  3 rats (D:1)
187 creatures vanquished.

Vanquished Creatures (collateral kills)
  A wolf (D:8)
  An orc (D:7)
  4 kobolds (D:4)
6 creatures vanquished.

Vanquished Creatures (others)
  A yak (Lair:1)
  An orc (D:7)
  A goblin (D:3)
  A kobold (D:4)
  4 foxfires (Lair:2)
8 creatures vanquished.

Grand Total: 201 creatures vanquished

Notes
Turn   | Place    | Note
-------+----------+-------------------------------------------
     0 | D:1      | Amymone the Human Alchemist began the quest for the Orb.
     0 | D:1      | Reached XP level 1. HP: 13/13 MP: 3/3
   134 | D:1      | Reached XP level 2. HP: 18/19 MP: 0/5
   137 | D:1      | Learned a level 2 spell: Mercury Vapours
   670 | D:1      | Learned a level 2 spell: Blink
   947 | D:2      | Reached XP level 3. HP: 24/24 MP: 2/6
  1240 | D:2      | Gained mutation: You expend magic power (3 MP) to
                  | strengthen your wands. [potion of mutation]
  1240 | D:2      | Gained mutation: You are clumsy. (Dex -2) [potion of
                  | mutation]
  1240 | D:2      | Gained mutation: Your system is resistant to poisons.
                  | (rPois) [potion of mutation]
  1318 | D:2      | Found a faded altar of an unknown god.
  1322 | D:2      | Prayed at the altar of an unknown god.
  1322 | D:2      | Became a worshipper of Lugonu the Unformed
  1322 | D:2      | Reached * piety under Lugonu
  1469 | D:2      | Found Enwuugowk's General Store.
  1498 | D:2      | Bought a scroll of identify for 22 gold pieces
  1498 | D:2      | Bought 5 datura-tipped darts for 49 gold pieces
  1698 | D:3      | Found a radiant altar of Vehumet.
  1698 | D:3      | Noticed a frost-covered statue
  1746 | D:3      | Reached XP level 4. HP: 30/30 MP: 5/7
  1960 | D:3      | Reached skill level 1 in Axes
  1960 | D:3      | Reached XP level 5. HP: 5/36 MP: 4/8
  2000 | D:3      | Learned a level 3 spell: Mephitic Cloud
  2182 | D:3      | Noticed Terence
  2217 | D:3      | Reached skill level 1 in Translocations
  2240 | D:3      | Reached skill level 1 in Armour
  2324 | D:3      | Reached skill level 1 in Fighting
  2331 | D:3      | Killed Terence
  2332 | D:3      | Reached skill level 1 in Shapeshifting
  2535 | D:3      | Reached ** piety under Lugonu
  2549 | D:3      | Reached skill level 1 in Air Magic
  2549 | D:3      | Reached skill level 1 in Invocations
  2549 | D:3      | Reached XP level 6. HP: 41/43 MP: 9/9
  2643 | D:3      | Noticed Jessica
  2661 | D:3      | Killed Jessica
  2662 | D:3      | Reached skill level 1 in Throwing
  2924 | D:3      | Found a runed translucent door.
  2925 | D:3      | Noticed Crazy Yiuf
  2939 | D:3      | Killed Crazy Yiuf
  3136 | D:4      | Reached skill level 1 in Evocations
  3382 | D:4      | Reached XP level 7. HP: 9/48 MP: 10/10
  3747 | D:4      | Found the +7 Throatcutter {drain, coup de grace}
  4159 | D:5      | Entered Level 5 of the Dungeon
  4370 | D:5      | Reached *** piety under Lugonu
  4381 | D:5      | Found a staircase to the Ecumenical Temple.
  4547 | D:5      | Reached skill level 1 in Long Blades
  4815 | D:5      | Reached XP level 8. HP: 44/56 MP: 10/12
  4818 | D:5      | Reached skill level 2 in Long Blades
  4832 | D:5      | Learned a level 4 spell: Olgreb's Toxic Radiance
  5781 | D:6      | Found a stormy altar of Qazlal.
  5837 | D:6      | Reached skill level 3 in Long Blades
  5897 | D:6      | Noticed Eustachio
  5909 | D:6      | Killed Eustachio
  5913 | D:6      | Reached XP level 9. HP: 58/62 MP: 7/13
  5944 | D:6      | Noticed Prince Ribbit
  5951 | D:6      | Killed Prince Ribbit
  6257 | D:6      | Found a bloodstained altar of Trog.
  6258 | D:6      | Found an ornate altar of the Wu Jian Council.
  6452 | D:7      | Found Usock's Antique Weapon Emporium.
  6540 | D:7      | Reached skill level 4 in Long Blades
  6709 | D:7      | Found a snail-covered altar of Cheibriados.
  6932 | D:7      | Found a glowing silver altar of Zin.
  6932 | D:7      | Noticed an angel
  7038 | D:7      | Noticed a manticore
  7323 | D:7      | Noticed Lhightning's ghost (novice DESu)
  7324 | D:7      | Identified the +0 dire flail "Oloawoy" {freeze, rN+}
  7324 | D:7      | Noticed a two-headed ogre
  7325 | D:7      | Found a transporter.
  7332 | D:7      | Found a transporter.
  7351 | D:7      | Identified a scroll of acquirement
  7351 | D:7      | Acquired 733 gold pieces
  7406 | D:7      | Banished a manticore
  7663 | D:8      | Found Begu's Antique Armour Shop.
  7667 | D:8      | Bought a runed robe for 99 gold pieces
  7667 | D:8      | Bought a shiny orb for 324 gold pieces
  7667 | D:8      | Bought an embroidered robe for 99 gold pieces
  7726 | D:8      | HP: 1/63 [electric eel/bolt of electricity (9)]
  7825 | D:8      | Reached XP level 10. HP: 32/70 MP: 7/15
  7832 | D:8      | Reached skill level 5 in Long Blades
  7989 | D:8      | Found Wuliotif's Magic Scroll Boutique.
  8037 | D:8      | Bought a scroll of identify for 28 gold pieces
  8037 | D:8      | Bought a scroll of identify for 28 gold pieces
  8037 | D:8      | Bought a scroll of poison for 56 gold pieces
  8037 | D:8      | Bought a scroll of revelation for 105 gold pieces
  8143 | D:8      | Found a staircase to the Lair.
  8205 | D:8      | HP: 2/60 [centaur/arrow (9)]
  8670 | D:8      | Found Sajutiusch's Assorted Antiques.
  8749 | D:8      | Found Cabloel's General Store.
  8785 | D:8      | Found Fokkonopp's Antique Armour Shop.
  8822 | D:8      | Bought a warped robe for 176 gold pieces
  8822 | D:8      | Identified the +2 robe "Adexoretoo" {Harm rPois Int-2} (You
                  | bought it in a shop on level 8 of the Dungeon)
  9123 | D:8      | Found a hazy altar of Hepliaklqana.
  9310 | Lair:1   | Entered Level 1 of the Lair of Beasts
  9326 | Lair:1   | Noticed a cane toad
  9335 | Lair:1   | Killed a cane toad
  9336 | Lair:1   | Reached skill level 5 in Alchemy
  9341 | Lair:1   | Noticed a cane toad
  9393 | Lair:1   | Reached **** piety under Lugonu
  9430 | Lair:1   | Noticed a cane toad
  9491 | Lair:1   | Reached XP level 11. HP: 27/77 MP: 11/17
  9651 | Lair:1   | Learned a level 5 spell: Summon Forest
  9708 | Lair:1   | Reached skill level 6 in Long Blades
 10233 | Lair:1   | Reached skill level 1 in Summonings
 11074 | Lair:2   | Found a staircase to the Swamp.
 11074 | Lair:2   | Noticed a will-o-the-wisp
 11081 | Lair:2   | Killed from afar by a will-o-the-wisp

Illustrated notes

Levels and vault maps discovered:
D:1:      lightli_arrival_statuegarden, layout_loops_cross
D:2:      layout_basic, serial_shops, nicolae_shop_trees,
          hellmonk_ecumenical_altar_inner_sanctum, kennysheep_generic_room_3
D:3:      layout_loops_ring, vehumet_statue, serial_undead, serial_undead_b,
          serial_undead_f, serial_undead_d, serial_undead_b,
          chequers_serial_rivers_micro_a, grunt_ministairs_3,
          uniq_crazy_yiuf_cottage, uniq_terence, uniq_jessica
D:4:      layout_loops_cross, chequers_jeans, fountainhead,
          minmay_crystal_water, dilly_guarded_unrand_throatcut
D:5:      minmay_recursive_quarters, layout_basic, temple_statues,
          serial_aquarium, aquarium_bridge_long_separate
          [aquarium_subvault_bridge, aquarium_subvault_balcony,
          aquarium_subvault_wall, aquarium_subvault_bridge,
          aquarium_subvault_wall, aquarium_subvault_bridge],
          aquarium_bridge_island_small [aquarium_subvault_small_open,
          aquarium_subvault_bridge, aquarium_subvault_window,
          aquarium_subvault_wall, aquarium_subvault_bridge],
          aquarium_window_fake, aquarium_window_fake, aquarium_view_2f,
          aquarium_pool_2, st_stairs_11
D:6:      layout_basic, mainiacjoe_overflow_boulevard, minitemple,
          uniq_eustachio, uniq_prince_ribbit1
D:7:      layout_basic, zin_angel, cheibrodos_worm_habitat,
          gammafunk_ghost_smash, serial_shops, shop, dk_noncrumbling_3,
          serial_bayou_pond_d
D:8:      layout_rooms, worldfamousw_hep_ancestral_shrine, erik_lair_island,
          serial_aquarium, aquarium_bridge_long_separate
          [aquarium_subvault_bridge, aquarium_subvault_bridge,
          aquarium_subvault_window, aquarium_subvault_balcony,
          aquarium_subvault_bridge, aquarium_subvault_bridge],
          aquarium_bridge_straight [aquarium_subvault_bridge,
          aquarium_subvault_window, aquarium_subvault_bridge,
          aquarium_subvault_window], aquarium_window_2, aquarium_window_1,
          aquarium_view_2d, aquarium_view_2e, aquarium_balcony_1a,
          aquarium_pool_five, serial_shops, shop, kennysheep_mini,
          nicolae_shop_crystal, nicolae_shop_hallway_plus, shop
Lair:1:   layout_layer_cave
Lair:2:   layout_gridlike, minmay_swamp_entry_wisps,
          nicolae_spider_entry_lesser_pyramids, dreamdust_mushroom_princess,
          beast_lair_carwin_5, uniq_urug, uniq_fannar

Skill      XL: |  1  2  3  4  5  6  7  8  9 10 11 |
---------------+----------------------------------+-----
Axes           | 1 |  1.8
Translocations | 1 2 3 4 |  4.1
Armour         | 1 2 3 4 |  4.2
Fighting       | 1 2 3 4 |  4.3
Shapeshifting  | 1 2 3 |  3.7
Air Magic      | 1 2 3 4 |  4.0
Invocations    | 1 2 3 4 |  4.6
Throwing       | 1 2 3 4 |  4.2
Conjurations   | 2 3 4 |  4.4
Evocations     | 1 2 3 |  3.9
Long Blades    | 1 3 4 5 6 |  6.2
Alchemy        | 4 5 |  5.7
Stealth        | 3 4 |  4.9
Spellcasting   | 3 4 |  4.5
Dodging        | 3 4 |  4.8
Summonings     | 1 |  1.1
Polearms       | |  0.3
Staves         | |  0.3

Action                     |  1- 3 |  4- 6 |  7- 9 | 10-12 || total
---------------------------+-------+-------+-------+-------++-------
  Melee: Hand axe          |    21 |    78 |       |       ||    99
         Punch             |       |     1 |     1 |     1 ||     3
         Quarterstaff      |       |    23 |     4 |       ||    27
         Long sword        |       |       |   130 |   101 ||   231
  Throw: Dart              |       |     5 |     4 |     3 ||    12
   Cast: Sting             |    16 |     3 |       |       ||    19
         Mercury Vapours   |    19 |     5 |    10 |     2 ||    36
         Mephitic Cloud    |       |     4 |    11 |     6 ||    21
         Blink             |       |     3 |     1 |     1 ||     5
         Olgreb's Toxic Ra |       |       |     3 |     5 ||     8
 Invoke: Banish            |       |       |     6 |     2 ||     8
  Evoke: Wand              |       |    14 |     5 |    13 ||    32
    Use: Scroll            |     6 |     8 |    13 |     1 ||    28
         Potion            |     1 |     1 |     5 |       ||     7
   Stab: Sleeping          |       |     2 |     6 |     2 ||    10
         Confused          |       |       |     3 |     2 ||     5
 Armour: Robe              |    25 |    78 |   137 |    93 ||   333
         Skin              |       |     5 |       |       ||     5
         Troll leather arm |       |       |       |     5 ||     5
  Dodge: Dodged            |    37 |    76 |   158 |    83 ||   354
